 Dungeon Crawl Stone Soup version 0.29-a0-613-gf2c431b9b9 (webtiles) character file.

Game seed: 3067688886265932963

312 dolemite99 the Chopper (level 6, -3/47 HPs)
             Began as a Demonspawn Fighter on June 17, 2022.
             Slain by Duvessa
             ... wielding a +5 short sword of protection
              (11 damage)
             ... on level 4 of the Dungeon.
             The game lasted 00:05:25 (5074 turns).

dolemite99 the Chopper (Demonspawn Fighter)         Turns: 5074, Time: 00:05:25

Health: -3/47      AC:  8    Str: 19    XL:     6   Next: 18%
Magic:  6/6        EV: 10    Int:  9    God:
Gold:   213        SH:  4    Dex: 12    Spells: 5/5 levels left

rFire   . . .      SeeInvis .   a - +0 trident (vorpal)
rCold   . . .      Faith    .   c - +0 buckler
rNeg    . . .      Spirit   .   A - +0 chain mail
rPois   .          Reflect  .   (helmet restricted)
rElec   .          Harm     .   (no cloak)
rCorr   .          Rampage  .   (no gloves)
Will    .....                   (no boots)
Stlth   ..........              m - amulet of the acrobat
HPRegen 0.15/turn               k - +4 ring of evasion
MPRegen 0.10/turn               (no ring)

@: no status effects
A: claws 1, horns 1, powered by death 1, spiny 1
a: no special abilities


You were on level 4 of the Dungeon.
You visited 1 branch of the dungeon, and saw 5 of its levels.

You collected 299 gold pieces.
You spent 86 gold pieces at shops.

Inventory:

Hand Weapons
 a - a +0 vorpal trident (weapon)
 b - a +1 dagger of venom
 l - a +0 war axe
 p - a +3 flail
Missiles
 i - 5 poisoned darts (quivered)
 y - 4 atropa-tipped darts
Armour
 c - a +0 buckler (worn)
 g - a +0 scale mail
 h - a +2 helmet
 A - a +0 chain mail (worn)
Jewellery
 j - a +4 ring of protection
 k - a +4 ring of evasion (left claw)
 m - an amulet of the acrobat (around neck)
 r - a +6 ring of intelligence
Wands
 t - a wand of digging (2)
 v - a wand of charming (10)
Scrolls
 e - a scroll of silence
 u - a scroll of enchant armour
 z - a scroll of vulnerability {unknown}
 B - a scroll of fog {unknown}
Potions
 d - 2 potions of curing
 f - a potion of cancellation
 n - a potion of mutation {unknown}
 o - 2 potions of heal wounds {unknown}
 q - a potion of attraction {unknown}
 s - a potion of brilliance {unknown}
 w - 2 potions of flight {unknown}
 x - a potion of ambrosia {unknown}


   Skills:
 - Level 3.0 Fighting
 - Level 4.9(5.3) Axes
 + Level 3.2(4.5) Polearms
 - Level 2.6 Armour
 - Level 2.6 Shields


You had 5 spell levels left.
You didn't know any spells.
Your spell library contained the following spells:

 Spells                   Type           Power      Damage    Failure   Level
 Apportation              Tloc           0%         N/A       100%        1
 Sting                    Tmut/Pois      0%         1d3       100%        1
 Poisonous Vapours        Pois/Air       0%         N/A       100%        2
 Olgreb's Toxic Radiance  Pois           0%         N/A       100%        4
 Alistair's Intoxication  Tmut/Pois      0%         N/A       100%        5


Dungeon Overview and Level Annotations

Branches:
Dungeon (5/15)
 Temple: D:4-7

Altars:

Shops:
D:1 (

Annotations:
D:1 exclusion: downstairs
D:4 Dowan, Duvessa


Innate Abilities, Weirdness & Mutations

You have sharp fingernails.
You have a pair of small horns on your head.
You regenerate a little health from kills.
You are partially covered in sharp spines.


Message History

You hit Duvessa but do no damage. You headbutt Duvessa.
Duvessa is lightly wounded.
The adder closely misses you. The adder is struck by your spines.
The adder barely misses you. Duvessa misses you.
You hit Duvessa but do no damage. You headbutt Duvessa.
Duvessa is lightly wounded.
The adder bites you but does no damage. Duvessa is struck by your spines.
Duvessa hits you but does no damage.
You hit Duvessa but do no damage.
Duvessa is lightly wounded.
The adder bites you but does no damage.
Duvessa hits you with a +5 short sword of protection.
The adder closely misses you.
You hit Duvessa but do no damage. Your headbutt misses Duvessa.
Duvessa is lightly wounded.
The adder completely misses you.
Duvessa hits you with a +5 short sword of protection!
You hit Duvessa but do no damage.
Duvessa is lightly wounded.
You block the adder's attack. You block Duvessa's attack.
The adder bites you but does no damage.
You feel better.
Duvessa hits you with a +5 short sword of protection!
You block the adder's attack.
You hit Duvessa but do no damage.
Duvessa is lightly wounded.
The adder is struck by your spines.
You kill the adder!
Duvessa hits you with a +5 short sword of protection.
You barely miss Duvessa.
Duvessa is lightly wounded.
Duvessa is struck by your spines.
Duvessa hits you with a +5 short sword of protection!
You hit Duvessa.
Duvessa is moderately wounded.
Duvessa hits you with a +5 short sword of protection!
* * * LOW HITPOINT WARNING * * *
Duvessa says, "Did you see that move?
Perfect!"
Duvessa hits you with a +5 short sword of protection!
You die...

#########.#.......
#.#.......
#.#.......
#.#.......
##'#...... #.....#
#.....# #...e†#
#....@# #.....#
#.....# #......
##.###.# #. .# ..
.# #. .#


You could see Duvessa.

Vanquished Creatures
  An orc priest (D:2)
  3 orc wizards
  Robin (D:2)
  3 adders
  3 gnolls
  4 worms
  3 dart slugs
  13 orcs
  10 ball pythons
  7 bats
  6 endoplasms
  4 giant cockroaches
  13 goblins
  8 hobgoblins
  4 jackals (D:2)
  8 kobolds
  6 quokkas
  4 frilled lizards
  8 rats
109 creatures vanquished.

Notes
Turn   | Place    | Note
-------+----------+-------------------------------------------
     0 | D:1      | dolemite99 the Demonspawn Fighter began the quest for the
                  | Orb.
     0 | D:1      | Reached XP level 1. HP: 18/18 MP: 1/1
    60 | D:1      | Reached skill level 2 in Axes
   170 | D:1      | Found a faded altar of an unknown god.
   224 | D:1      | Gained mutation: You are partially covered in sharp spines.
                  | [demonic ancestry]
   224 | D:1      | Reached XP level 2. HP: 13/24 MP: 2/2
   360 | D:1      | Found Daewe's Weapon Emporium.
   720 | D:1      | You fall into a shaft and drop 1 floor!
   744 | D:2      | Reached skill level 3 in Axes
   879 | D:2      | Reached XP level 3. HP: 29/29 MP: 3/3
  2833 | D:2      | Reached skill level 4 in Axes
  2833 | D:2      | Gained mutation: You regenerate a little health from kills.
                  | [demonic ancestry]
  2833 | D:2      | Reached XP level 4. HP: 16/35 MP: 4/4
  2866 | D:2      | Noticed Robin
  2870 | D:2      | Discovered your monstrous ancestry.
  2870 | D:2      | Gained mutation: You have sharp fingernails. [demonic
                  | ancestry]
  2870 | D:2      | Reached XP level 5. HP: 41/41 MP: 5/5
  2889 | D:2      | Killed Robin
  3013 | D:1      | Bought a +0 vorpal trident for 86 gold pieces
  3405 | D:2      | Reached skill level 1 in Polearms
  4194 | D:3      | Gained mutation: You have a pair of small horns on your
                  | head. [demonic ancestry]
  4194 | D:3      | Reached XP level 6. HP: 47/47 MP: 6/6
  4306 | D:4      | Noticed Duvessa
  4306 | D:4      | Noticed Dowan
  4379 | D:5      | Entered Level 5 of the Dungeon
  5074 | D:4      | Slain by Duvessa

Illustrated notes

Levels and vault maps discovered:
D:1:      dpeg_arrival_arbitrary_a, layout_basic, serial_shops, shop,
          hellmonk_ecumenical_altar_blasted, kennysheep_decorative_pillar,
          hangedman_decor_opposing, hex_medium, minmay_misc_feat_four_crosses,
          minmay_misc_feat_five, minmay_rat_gold_closets
D:2:      kennysheep_big_flooded_room, layout_basic, uniq_robin
D:3:      layout_rooms, dk_noncrumbling_2, minmay_fractal_squares_5
D:4:      layout_basic, uniq_duvessa
D:5:      layout_loops_ring, nicolae_ru_path_of_blood, minmay_temple_entry_hall,
          gammafunk_ghost_arena, kennysheep_windowed_goal,
          uniq_crazy_yiuf_cottage

Skill      XL: |  1  2  3  4  5  6 |
---------------+-------------------+-----
Axes           | 2 3 4 |  4.9
Polearms       | 2 3 |  3.2
Fighting       | |  3.0
Armour         | |  2.6
Shields        | |  2.6

Action                   |  1- 3 |  4- 6 || total
-------------------------+-------+-------++-------
Melee: War axe           |    27 |       ||    27
       Dagger            |    54 |    17 ||    71
       Trident           |       |    98 ||    98
       Headbutt          |       |     2 ||     2
Throw: Boomerang         |    15 |    21 ||    36
       Dart              |    11 |    13 ||    24
  Use: Potion            |     2 |     2 ||     4
       Scroll            |     1 |     6 ||     7
Armor: Scale mail        |    38 |    36 ||    74
       Chain mail        |       |     8 ||     8
Dodge: Dodged            |    48 |    87 ||   135
Block: Buckler           |    25 |    33 ||    58

Table legend: (Time is in decaauts)
 A = Elapsed time spent in this place.
 B = Non-inter-level travel time spent in this place.
 C = Inter-level travel time spent in this place.
 D = Time resting spent in this place.
 E = Time spent auto-exploring this place.
 F = Levels seen in this place.
 G = Mean time per level.
                   A        B        C        D        E       F      G
               +--------+--------+--------+--------+--------+-----+--------+
         Total |   5121 |   4890 |    231 |   1815 |   1987 |   5 | 1024.2 |
       Dungeon |   5121 |   4890 |    231 |   1815 |   1987 |   5 | 1024.2 |
               +--------+--------+--------+--------+--------+-----+--------+

Top non-repeatable levels by time:
     D:1: 2101 daAuts
     D:2: 1563 daAuts
     D:3: 674 daAuts
     D:4: 443 daAuts
     D:5: 338 daAuts
